 Dungeon Crawl Stone Soup version 0.31-a0-83-gbff143cfd1 (webtiles) character file.

Game seed: 12696990259326387180

109 frimble the Grasshopper (level 4, -3/30 HPs)
             Began as an Octopode Warper on May 24, 2023.
             Slain by a river rat (9 damage)
             ... in a sewer.
             The game lasted 00:02:15 (1406 turns).

frimble the Grasshopper (Octopode Warper)           Turns: 1406, Time: 00:02:15

Health: -3/30      AC:  1    Str: 10    XL:     4   Next: 90%
Magic:  7/7        EV: 13    Int: 17    God:
Gold:   124        SH:  0    Dex: 11    Spells: 5/8 levels left

rFire   . . .        a - +1 short sword
rCold   . . .        (no shield)
rNeg    . . .        (helmet restricted)
rPois   .            f - amulet of regeneration
rElec   .            (no ring)
rCorr   .            (no ring)
SInv    .            (no ring)
Will    .....        (no ring)
Stlth   +++          (no ring)
HPRegen 1.05/turn    (no ring)
MPRegen 0.10/turn    (no ring)
                     (no ring)

%: no passive effects
@: no status effects
A: almost no armour, amphibious, 8 rings, camouflage 1, gelatinous body 1,
(nimble swimmer 1), tentacles
a: no special abilities


You were in a sewer.
You visited 1 branch of the dungeon, and saw 4 of its levels.
You also visited: Sewer.

You collected 124 gold pieces.

Inventory:

Hand Weapons
 a - a +1 short sword (weapon)
Missiles
 c - 7 boomerangs of dispersal (quivered)
Jewellery
 f - an amulet of regeneration (around mantle)
Scrolls
 b - a scroll of blinking
 i - a scroll of noise {unknown}
Potions
 d - a potion of curing
 e - a potion of attraction {unknown}
 g - a potion of lignification {unknown}
 h - 2 potions of degeneration {unknown}
 j - a potion of mutation {unknown}


   Skills:
 + Level 2.7 Fighting
 + Level 2.7 Short Blades
 - Level 1.1 Throwing
 + Level 3.1 Dodging
 + Level 1.2 Stealth
 + Level 2.5 Spellcasting
 + Level 3.5 Translocations


You had 5 spell levels left.
You knew the following spells:

 Your Spells              Type           Power      Damage    Failure   Level
a - Blink                 Tloc           28%        N/A       7%          2
b - Apportation           Tloc           28%        N/A       4%          1

Your spell library contained the following spells:

 Spells                   Type           Power      Damage    Failure   Level
 Lesser Beckoning         Tloc           28%        N/A       7%          2
 Teleport Other           Tloc           14%        N/A       13%         3
 Necrotise                Necr           8%         1d4       19%         1
 Summon Small Mammal      Summ           8%         N/A       19%         1
 Vhi's Electric Charge    Tloc/Air       14%        N/A       30%         3
 Manifold Assault         Tloc           14%        N/A       41%         4
 Hailstorm                Conj/Ice       1%         3d3       54%         3
 Ice Form                 Ice/Tmut       1%         N/A       91%         4
 Iskenderun's Battlesphe  Conj           2%         2d6       99%         5
 Iron Shot                Conj/Erth      0%         9d1       100%        6
 Simulacrum               Ice/Necr       0%         N/A       100%        6
 Spellforged Servitor     Conj/Summ      0%         N/A       100%        7


Dungeon Overview and Level Annotations

Branches:
Dungeon (4/15)              Sewer (1/1)
 Temple: D:4-7

Altars:
Ashenzari
Fedhas


Innate Abilities, Weirdness & Mutations

You cannot wear most types of armour.
You are amphibious.
You can wear up to eight rings at the same time.
Your skin changes colour to match your surroundings (Stealth+).
Your rubbery body absorbs attacks. (AC +1, EV +1)
((You are camouflaged when in or above water. (Stealth+)))
You have tentacles for arms and can constrict up to eight enemies at once.


Message History

You closely miss the frilled lizard. You grab the frilled lizard.
You squeeze the frilled lizard.
You kill the frilled lizard!
No target in view!
No target in view!
No target in view!
You enter the shallow water.
A river rat comes into view.
A river rat is nearby!
A river rat is nearby!
A river rat comes into view.
You hit the river rat. Your grab misses the river rat.
You squeeze the river rat, but do no damage.
The river rat is moderately wounded.
The river rat bites you!
You hit the river rat but do no damage. Your grab misses the river rat.
The river rat is moderately wounded.
The river rat barely misses you. The river rat closely misses you.
You barely miss the river rat. You grab the river rat.
The river rat is moderately wounded.
You constrict the river rat, but do no damage.
The river rat barely misses you. The river rat bites you.
You are too injured to fight recklessly!
You are too injured to fight recklessly!
You are too injured to fight recklessly!
You are too injured to fight recklessly!
You are too injured to fight recklessly!
You are too injured to fight recklessly!
You are too injured to fight recklessly!
You are too injured to fight recklessly!
You are too injured to fight recklessly!
You are too injured to fight recklessly!
You hit the river rat but do no damage.
The river rat is moderately wounded.
You constrict the river rat. The river rat bites you! x2
* * * LOW HITPOINT WARNING * * *
You barely miss the river rat.
The river rat is heavily wounded.
You constrict the river rat. The river rat bites you!
You die...

#...~..~~~.~.#
#~~.~...~~...#
###########..#
#~~# #..# ##~~#
###~..#
...#########...†~#
~..~.~r@....~...##
##~.~.r......####
#############


You could see 2 river rats.

Vanquished Creatures
  2 adders
  2 river rats
  3 worms
  A dart slug (D:2)
  2 ball pythons
  9 endoplasms
  9 giant cockroaches
  4 goblins
  3 hobgoblins
  3 jackals (D:1)
  4 kobolds
  4 bats
  5 frilled lizards
  8 rats
59 creatures vanquished.

Notes
Turn   | Place    | Note
-------+----------+-------------------------------------------
     0 | D:1      | frimble the Octopode Warper began the quest for the Orb.
     0 | D:1      | Reached XP level 1. HP: 14/14 MP: 3/3
     1 | D:1      | Found a runed translucent door.
   182 | D:1      | Reached XP level 2. HP: 19/19 MP: 5/5
   189 | D:1      | Learned a level 2 spell: Blink
   647 | D:1      | Reached XP level 3. HP: 24/24 MP: 6/6
   792 | D:2      | Reached XP level 4. HP: 28/30 MP: 7/7
   873 | D:2      | Found a blossoming altar of Fedhas.
  1162 | D:2      | Found a faded altar of an unknown god.
  1163 | D:2      | You fall into a shaft and drop 2 floors!
  1166 | D:3      | Found a broken altar of Ashenzari.
  1216 | D:3      | Learned a level 1 spell: Apportation
  1229 | D:3      | Reached skill level 1 in Stealth
  1310 | D:3      | Found a glowing drain.
  1314 | Sewer    | Entered a sewer
  1406 | Sewer    | Slain by a river rat

Illustrated notes

Levels and vault maps discovered:
D:1:      dpeg_arrival_caged_fury, layout_loops_ring
D:2:      layout_loops_cross, basic_altar, hellmonk_ecumenical_altar_lost_god,
          st_stairs_12, kennysheep_generic_room_10
D:3:      layout_basic, cheibrodos_ashenzari_chains, gup_sewer_entry_bowl,
          hex_large, minmay_quantized, uniq_robin
D:4:      layout_cave_pools, fedhas_altar_3, minmay_temple_entry_mini_moons,
          serial_shops, kennysheep_little_box, minivault_27
Sewer:    sewer_hellmonk_slimy_pipes

Skill      XL: |  1  2  3  4 |
---------------+-------------+-----
Dodging        | 3 |  3.1
Stealth        | 1 |  1.2
Fighting       | |  2.7
Short Blades   | |  2.7
Throwing       | |  1.1
Spellcasting   | |  2.5
Translocations | |  3.5

Action                     |  1- 3 |  4- 6 || total
---------------------------+-------+-------++-------
  Melee: Short sword       |    94 |    67 ||   161
         Constrict         |    21 |    14 ||    35
         Tentacles         |    18 |    14 ||    32
         Punch             |       |     1 ||     1
    Use: Scroll            |     3 |       ||     3
   Stab: Sleeping          |     7 |     3 ||    10
 Armour: Skin              |     6 |     6 ||    12
  Dodge: Dodged            |    56 |    37 ||    93

Table legend: (Time is in decaauts)
 A = Elapsed time spent in this place.
 B = Non-inter-level travel time spent in this place.
 C = Inter-level travel time spent in this place.
 D = Time resting spent in this place.
 E = Time spent auto-exploring this place.
 F = Levels seen in this place.
 G = Mean time per level.
                   A        B        C        D        E       F      G
               +--------+--------+--------+--------+--------+-----+--------+
         Total |   1386 |   1363 |     23 |      0 |    974 |   5 |  277.2 |
       Dungeon |   1297 |   1274 |     23 |      0 |    942 |   4 |  324.2 |
         Sewer |     89 |     89 |      0 |      0 |     32 |   1 |   89.0 |
               +--------+--------+--------+--------+--------+-----+--------+

Top non-repeatable levels by time:
     D:1: 719 daAuts
     D:2: 430 daAuts
     D:3: 144 daAuts
   Sewer: 89 daAuts
     D:4: 2 daAuts
